 Dungeon Crawl Stone Soup version 0.21-a0-67-g3f13d09 (webtiles) character file.

47 kuniqs the Skirmisher (level 3, 0/20 HPs)
             Began as a Vine Stalker Fighter on June 17, 2017.
             Succumbed to an adder's poison
             ... on level 2 of the Dungeon.
             The game lasted 00:01:59 (1344 turns).

kuniqs the Skirmisher (Vine Stalker Fighter)        Turns: 1344, Time: 00:01:59

Health: 0/20       AC:  7    Str: 19    XL:     3   Next: 70%
Magic:  1/4        EV:  7    Int:  8    God:
Gold:   125        SH:  9    Dex: 13    Spells: 2/2 levels left

rFire    . . .     SeeInvis .   a - +0 rapier
rCold    . . .     Gourm    .   c - +0 shield
rNeg     . . .     Faith    .   b - +0 scale mail
rPois    .         Spirit   +   m - +0 helmet
rElec    .         Reflect  .   (no cloak)
rCorr    .         Harm     .   (no gloves)
MR       .....                  (no boots)
Stlth    ..........             (no amulet)
HPRegen  0.06/turn              (no ring)
MPRegen  0.09/turn              (no ring)

@: lethally poisoned (0 -> -5)
A: fangs 2, magic shield, antimagic bite, no potion heal 3, rot immunity
a: no special abilities


You were on level 2 of the Dungeon.
You were not hungry.

You visited 1 branch of the dungeon, and saw 2 of its levels.

You collected 125 gold pieces.

Inventory:

Hand Weapons
 a - a +0 rapier (weapon)
Armour
 b - a +0 scale mail (worn)
 c - a +0 shield (worn)
 m - a +0 helmet (worn)
Scrolls
 g - 2 scrolls of fear {unknown}
 h - a scroll of remove curse {unknown}
 i - 2 scrolls of amnesia {unknown}
 j - a scroll of magic mapping {unknown}
 l - a scroll of enchant weapon {unknown}
 n - a scroll of identify {unknown}
 o - a scroll of random uselessness {unknown}
 p - 2 scrolls of immolation {unknown}
 q - a scroll of fog {unknown}
 t - a scroll of teleportation {unknown}
Potions
 f - a potion of might
 k - a potion of haste
 r - a potion of invisibility {unknown}
 u - a potion of lignification {unknown}
Comestibles
 d - a bread ration
 e - 2 meat rations
 s - 9 chunks of flesh


   Skills:
 + Level 3.1 Fighting
 + Level 2.2 Short Blades
 + Level 2.7 Armour
 + Level 0.5 Dodging
 * Level 3.0 Shields


You had 2 spell levels left.
You didn't know any spells.

Dungeon Overview and Level Annotations

Branches:
Dungeon (2/15)

Altars:
Dithmenos
Elyvilon
Hepliaklqana
Qazlal
Ru
Sif Muna

Annotations:
D:1 1 exclusion
D:2 Sigmund


Innate Abilities, Weirdness & Mutations

You have extremely sharp teeth.
When hurt, damage is shared between your health and your magic reserves.
Your bite disrupts and absorbs the magic of your enemies.
Potions cannot restore your health.
You are immune to rotting.


Message History

Sigmund gestures at you while chanting. The puff of flame hits you!
Found a stone staircase leading up.
You puncture Sigmund! You block Sigmund's attack.
You barely miss Sigmund. You bite Sigmund.
Sigmund's magic leaks into the air.
You drain his magic.
You feel invigorated. You block the adder's attack.
The adder bites you but does no damage.
Sigmund hits you with a scythe of slicing.
You hit Sigmund but do no damage. Your bite misses Sigmund.
The adder bites you but does no damage.
You closely miss Sigmund. Your bite misses Sigmund. The adder bites you.
You are poisoned.
The adder poisons you! Sigmund casts a spell at you.
The puff of flame misses you. You block the adder's attack.
Sigmund is suddenly surrounded by pale blue light.
Sigmund hits you with a scythe of slicing!
* * * LOW HITPOINT WARNING * * *
x2 You barely miss Sigmund.
Your bite misses Sigmund.
You die...

...#..#..#..#..#..#..#..#..#...#
.......รท.......................#
#..#..#..#..#..#..#..#..#..#...#
.....=.........................#
.#############################.#
.......##.##....#....... ..#
.#..(.......#.#.#..#.... .#
........#'###.#.#@...<.. ##
..............#.@S......
..............#.........
..............#........#
......................##
.....#......#...........
.......#..###...........
................#.......
............#.#.........
...#.....>..+ ...


You could see Sigmund and an adder.

Vanquished Creatures
  An adder (D:2)
  2 dart slugs (D:1)
  2 leopard geckos
  4 bats
  2 giant cockroaches (D:1)
  A hobgoblin (D:2)
  5 jackals
  6 kobolds
  3 frilled lizards
  3 goblins (D:1)
  4 rats
33 creatures vanquished.

Notes
Turn   | Place    | Note
-------+----------+-------------------------------------------
     0 | D:1      | kuniqs the Vine Stalker Fighter began the quest for the Orb.
     0 | D:1      | Reached XP level 1. HP: 11/11 MP: 2/2
   235 | D:1      | Reached XP level 2. HP: 8/16 MP: 3/3
   927 | D:1      | Reached XP level 3. HP: 19/19 MP: 4/4
  1090 | D:2      | Found a hazy altar of Hepliaklqana.
  1090 | D:2      | Found a sacrificial altar of Ru.
  1090 | D:2      | Found a stormy altar of Qazlal.
  1090 | D:2      | Found a shadowy altar of Dithmenos.
  1096 | D:2      | Found a white marble altar of Elyvilon.
  1096 | D:2      | Found a deep blue altar of Sif Muna.
  1339 | D:2      | Noticed Sigmund
  1343 | D:2      | HP: 1/20 [Sigmund/scythe of slicing (3)]
  1344 | D:2      | Succumbed to an adder's poison

Vault maps used:
D:1:      dpeg_arrival_brainrot, minmay_surrounded
D:2:      minmay_overflow_temple_hex, columned_hall_lemuel, uniq_sigmund

Skill      XL: |  1  2  3 |
---------------+----------+-----
Short Blades   | 2 |  2.2
Fighting       | 3 |  3.1
Shields        | 3 |  3.0
Armour         | |  2.7
Dodging        | |  0.5

Action                   || total
-------------------------++-------
Melee: Rapier            ||   108
       Bite              ||    22
  Use: Potion            ||     2
  Eat: Chunk             ||     1
Armor: Scale mail        ||    58
Dodge: Dodged            ||    36
Block: Shield            ||    60
